 Dungeon Crawl Stone Soup version 0.30-a0-263-ge22c4ad894 (webtiles) character file.

Game seed: 9080648969871059063

44 Anon1729 the Trooper (level 3, -2/29 HPs)
             Began as a Mummy Monk on Oct 13, 2022.
             Slain by a worm (7 damage)
             ... on level 1 of the Dungeon.
             The game lasted 00:01:38 (1146 turns).

Anon1729 the Trooper (Mummy Monk)                   Turns: 1146, Time: 00:01:39

Health: -2/29      AC:  2    Str: 20    XL:     3   Next: 41%
Magic:  3/3        EV: 13    Int:  9    God:
Gold:   126        SH:  0    Dex: 16    Spells: 2/2 levels left

rFire   . . .      SeeInvis .    a - +0 short sword
rCold   . . .      Faith    +    (no shield)
rNeg    + + +      Spirit   .    b - +0 robe
rPois   ∞          Reflect  .    (no helmet)
rElec   .          Harm     .    (no cloak)
rCorr   .          Rampage  .    (no gloves)
Will    .....                    (no boots)
Stlth   ++........               (no amulet)
HPRegen 0.24/turn                d - ring of fire
MPRegen 0.08/turn                h - +6 ring of strength

@: no status effects
A: cold resistance 1, negative energy resistance 3, torment resistance 2, heat
vulnerability 1, in touch with death 1, no potions, faith
a: no special abilities


You were on level 1 of the Dungeon.
You visited 1 branch of the dungeon, and saw 2 of its levels.

You collected 126 gold pieces.

Inventory:

Hand Weapons
 a - a +0 short sword (weapon)
Armour
 b - a +0 robe (worn)
Magical Staves
 i - a staff of air
Jewellery
 d - a ring of fire (left hand)
 h - a +6 ring of strength (right hand)
Scrolls
 c - 3 scrolls of identify {unknown}
 e - a scroll of poison {unknown}
 f - a scroll of immolation {unknown}
 g - 3 scrolls of teleportation {unknown}
 j - a scroll of brand weapon {unknown}
 k - a scroll of vulnerability {unknown}
 l - a scroll of blinking {unknown}


   Skills:
 + Level 3.4 Fighting
 + Level 2.8 Short Blades
 + Level 2.7 Dodging
 + Level 2.1 Stealth


You had 2 spell levels left.
You didn't know any spells.
Your spell library contained the following spells:

 Spells                   Type           Power      Damage    Failure   Level
 Stone Arrow              Conj/Erth      0%         3d7       77%         3
 Vhi's Electric Charge    Tloc/Air       0%         N/A       77%         3
 Animate Armour           Summ/Erth      0%         N/A       99%         4
 Arcjolt                  Conj/Air       0%         1d10      100%        5
 Lehudib's Crystal Spear  Conj/Erth      0%         10d2      100%        8
 Maxwell's Capacitive Co  Air            0%         ∞         100%        8


Dungeon Overview and Level Annotations

Branches:
Dungeon (2/15)

Altars:

Annotations:
D:2 1 runed translucent door, Crazy Yiuf


Innate Abilities, Weirdness & Mutations

You are immune to poison.
Your flesh is cold resistant. (rC+)
You are immune to negative energy. (rN+++)
You are immune to unholy pain and torment.
You are vulnerable to heat. (rF-)
You are in touch with the powers of death.
You do not drink.
You have a special connection with the divine. (Faith)


Message History

The worm misses you.
You hit the worm.
The worm is moderately wounded.
You hit the worm.
The worm is heavily wounded.
The worm completely misses you.
You hit the worm.
The worm is heavily wounded.
You barely miss the worm.
The worm is heavily wounded.
The worm bites you.
You are too injured to fight recklessly!
You are too injured to fight recklessly!
You are too injured to fight recklessly!
You are too injured to fight recklessly!
You are too injured to fight recklessly!
You are too injured to fight recklessly!
You are too injured to fight recklessly!
You are too injured to fight recklessly!
You are too injured to fight recklessly!
You are too injured to fight recklessly!
You are too injured to fight recklessly!
You are too injured to fight recklessly!
You are too injured to fight recklessly!
You are too injured to fight recklessly!
You are too injured to fight recklessly!
You are too injured to fight recklessly!
You are too injured to fight recklessly!
You are too injured to fight recklessly!
You are too injured to fight recklessly!
You hit the worm but do no damage.
The worm is heavily wounded.
You hit the worm.
The worm is heavily wounded.
The worm bites you!
* * * LOW HITPOINT WARNING * * *
You climb upwards.
There is a stone staircase leading down here.
The worm bites you!
You die...

## #..# .#####
##'##### .....#
##......# ####.###
##.......# # #...#####
##........# #
###.....# #..#......#
#####.######.##......#
#....##..#########
####..#@## ######
##.w># #....# ###.###
#####.##.#######.#.#
.......#.........#.###
###....#..#####..#...#
#.##....# #..).###
#.......# #.##.#
######### #....#


You could see a worm.

Vanquished Creatures
  An adder (D:2)
  A worm (D:2)
  A dart slug (D:2)
  3 ball pythons
  3 bats
  2 endoplasms (D:1)
  A giant cockroach (D:1)
  2 goblins
  4 hobgoblins
  4 kobolds
  3 quokkas (D:1)
25 creatures vanquished.

Notes
Turn   | Place    | Note
-------+----------+-------------------------------------------
     0 | D:1      | Anon1729 the Mummy Monk began the quest for the Orb.
     0 | D:1      | Reached XP level 1. HP: 18/18 MP: 1/1
   188 | D:1      | Reached XP level 2. HP: 11/24 MP: 2/2
   594 | D:2      | Gained mutation: You are in touch with the powers of death.
                  | [Mummy growth]
   594 | D:2      | Reached XP level 3. HP: 14/29 MP: 3/3
   806 | D:2      | Found a runed translucent door.
   807 | D:2      | Noticed Crazy Yiuf
  1146 | D:1      | Slain by a worm

Illustrated notes

Levels and vault maps discovered:
D:1:      scummos_arrival_simple_fountains, layout_basic
D:2:      layout_loops_ring, uniq_crazy_yiuf_cottage

Skill      XL: |  1  2 |
---------------+-------+-----
Stealth        | 2 |  2.1
Fighting       | |  3.4
Short Blades   | |  2.8
Dodging        | |  2.7

Action                   || total
-------------------------++-------
Melee: Short sword       ||   127
       Punch             ||     1
 Stab: Sleeping          ||     6
Armor: Robe              ||    22
Dodge: Dodged            ||    75

Table legend: (Time is in decaauts)
 A = Elapsed time spent in this place.
 B = Non-inter-level travel time spent in this place.
 C = Inter-level travel time spent in this place.
 D = Time resting spent in this place.
 E = Time spent auto-exploring this place.
 F = Levels seen in this place.
 G = Mean time per level.
                   A        B        C        D        E       F      G
               +--------+--------+--------+--------+--------+-----+--------+
         Total |   1129 |   1084 |     45 |     99 |    678 |   2 |  564.5 |
       Dungeon |   1129 |   1084 |     45 |     99 |    678 |   2 |  564.5 |
               +--------+--------+--------+--------+--------+-----+--------+

Top non-repeatable levels by time:
     D:1: 572 daAuts
     D:2: 557 daAuts
